Map: [ESL] Alcyone

Players

Wayne (Vanya)

  • Race: Zerg Zerg
  • Spawn Location: 1:00

LiquidMaNa (MaNa) - Winner!

  • Race: Protoss Protoss
  • League: Grandmaster
  • Spawn Location: 7:00

VOD

Have the link to the VOD?

Description

Time

  • Played on: Nov. 21, 2023, 11:44 a.m.
  • Length: 10:13
Show
View Real Time Build Order
Export as new Build Order

Wayne Zerg 

Build Orders: Hatch First 

Get SALT Encoding   

  12  0:00  Drone  
  13  0:12  Overlord  
  13  0:17  Drone  
  14  0:30  Drone x2  
  16  0:48  Hatchery  
  15  0:51  Drone  
  15  0:55  Drone  
  17  0:58  Drone  
  18  1:09  Extractor  
  17  1:14  Spawning Pool  
  17  1:16  Drone  
  17  1:20  Drone  
  18  1:28  Drone  
  19  1:39  Drone  
  20  1:49  Overlord  
  20  2:00  Queen x2  
  20  2:01  Zergling x4  
  26  2:13  Drone  
  26  2:14  Metabolic Boost  
  27  2:16  Drone  
  28  2:24  Zergling x2  
  28  2:26  Zergling x2  
  30  2:39  Hatchery  
  30  2:44  Queen  
  29  2:50  Drone x2  
  33  2:55  Overlord  
  33  2:58  Drone  
  33  3:02  Zergling x2  
  33  3:03  Zergling x2  
  35  3:11  Drone  
  36  3:14  Drone  
  36  3:15  Queen  
  36  3:17  Drone  
  36  3:18  Drone  
  41  3:24  Overlord  
  41  3:26  Drone  
  42  3:28  Drone  
  42  3:30  Drone  
  44  3:44  Queen  
  44  3:45  Drone x4  
  49  3:51  Drone  
  49  3:52  Drone  
  49  3:54  Drone  
  52  3:57  Drone  
  51  4:06  Roach Warren, Extractor  
  51  4:09  Spore Crawler, Drone x3  
  51  4:13  Drone  
  51  4:15  Spore Crawler  
  51  4:19  Overlord  
  51  4:24  Extractor  
  51  4:28  Drone x3  
  52  4:32  Spore Crawler  
  52  4:33  Overlord x2  
  51  4:48  Roach x5  
  51  4:49  Roach  
  51  4:52  Roach  
  65  4:54  Roach  
  67  5:00  Zergling x8  
  67  5:06  Zergling x6  
  74  5:20  Zergling x14  
  79  5:24  Ravager x2  
  79  5:25  Overlord  
  81  5:35  Ravager  
  81  5:36  Overlord x2  
  81  5:41  Spore Crawler  
  81  5:42  Spore Crawler x2  
  78  5:43  Ravager x4  
  78  5:46  Zergling x8  
  89  5:54  Zergling x10  
  93  6:01  Ravager  
  92  6:04  Zergling x6  
  86  6:11  Zergling x2  
  86  6:12  Queen, Zergling x4  
  84  6:20  Zergling x4  
  84  6:22  Queen  
  82  6:28  Zergling x2  
  61  6:41  Roach x4  
  61  6:43  Lair  
  61  6:44  Zergling x4  
  67  6:55  Roach x3  
  69  7:03  Drone  
  69  7:04  Drone x2  
  69  7:07  Queen  
  67  7:14  Ravager x4  
  71  7:19  Drone x3  
  74  7:28  Roach x3  
  80  7:34  Roach  
  82  7:39  Drone x3, Extractor  
  82  7:42  Glial Reconstitution  
  84  7:50  Roach x6  
  96  7:57  Overlord  
  96  8:00  Zergling x2, Overlord  
  96  8:01  Zergling x2  
  96  8:03  Ravager x2  
  100  8:10  Overlord  
  100  8:12  Roach x2  
  104  8:13  Zergling x2  
  104  8:14  Overlord x2  
  104  8:19  Roach x4  
  121  8:27  Roach x4  
  121  8:38  Roach x3  
  119  8:49  Roach x5  
  119  8:54  Ravager  
  127  8:55  Zergling x2  
  127  8:56  Zergling x6  
  127  9:00  Roach  
  123  9:04  Ravager  
  123  9:05  Zergling x4  
  123  9:07  Queen  
  128  9:15  Ravager x2  
  130  9:21  Zergling x8  
  126  9:30  Roach x2  
  108  9:39  Roach x3  
  99  9:46  Roach x2  
  91  9:54  Roach x2  
Show
View Real Time Build Order
Export as new Build Order

LiquidMaNa Protoss - Winner!

Build Orders: 1 Gate Expand, Oracle Opening 

Get SALT Encoding   

  12  0:00  Probe  
  13  0:12  Probe  
  14  0:17  Pylon  
  14  0:24  Probe (Chrono Boost)  
  15  0:36  Probe (Chrono Boost)  
  15  0:38  Gateway  
  16  0:45  Probe (Chrono Boost)  
  16  0:47  Assimilator  
  17  0:51  Probe  
  18  1:03  Probe (Chrono Boost)  
  19  1:12  Probe (Chrono Boost)  
  19  1:17  Probe (Chrono Boost)  
  21  1:28  Nexus  
  21  1:39  Cybernetics Core  
  21  1:41  Probe  
  21  1:47  Assimilator  
  22  1:53  Pylon  
  22  1:56  Probe  
  23  2:11  Probe  
  23  2:13  Adept (Chrono Boost)  
  24  2:16  Stargate  
  26  2:24  Probe  
  26  2:25  Warp Gate  
  27  2:35  Adept (Chrono Boost)  
  27  2:36  Probe  
  30  2:40  Probe  
  31  2:48  Probe  
  32  2:53  Probe  
  32  2:56  Adept  
  35  3:00  Probe  
  35  3:01  Oracle (Chrono Boost)  
  35  3:05  Probe  
  40  3:12  Probe  
  41  3:16  Pylon  
  41  3:17  Probe  
  42  3:20  Gateway  
  42  3:24  Probe  
  43  3:29  Probe  
  47  3:34  Oracle  
  47  3:36  Probe  
  49  3:41  Probe  
  49  3:48  Probe  
  49  3:51  Nexus  
  50  3:59  Twilight Council  
  50  4:04  Probe x2  
  50  4:09  Pylon  
  52  4:16  Gateway, Probe  
  53  4:17  Gateway  
  53  4:21  Probe  
  54  4:28  Probe  
  55  4:34  Adept x2  
  55  4:35  Oracle  
  62  4:43  Resonating Glaives (Chrono Boost)  
  62  4:50  Assimilator, Shield Battery  
  62  4:52  Assimilator  
  62  5:02  Probe x2  
  62  5:06  Stalker x2  
  68  5:17  Stalker, Adept  
  68  5:19  Probe x2  
  74  5:23  Shield Battery x2  
  74  5:25  Pylon  
  74  5:30  Stalker  
  76  5:39  Pylon  
  76  5:40  Pylon  
  76  5:43  Adept x3  
  82  5:56  Stalker  
  84  6:04  Adept x3  
  90  6:12  Probe  
  89  6:21  Stalker  
  89  6:25  Stalker x2  
  85  6:33  Stalker  
  62  6:48  Adept x3  
  63  6:55  Gateway  
  63  6:57  Adept  
  61  7:07  Probe x3  
  60  7:09  Robotics Facility  
  60  7:11  Adept x3  
  66  7:18  Probe x3  
  66  7:19  Forge  
  66  7:20  Gateway  
  66  7:21  Blink (Chrono Boost)  
  66  7:22  Gateway, Pylon  
  69  7:24  Adept  
  69  7:26  Probe x2  
  69  7:27  Probe  
  71  7:33  Adept x2  
  71  7:34  Adept, Probe  
  71  7:35  Probe x2  
  83  7:45  Adept, Probe x2  
  87  7:51  Robotics Facility  
  87  7:55  Immortal (Chrono Boost)  
  91  8:01  Assimilator  
  91  8:02  Assimilator  
  91  8:09  Probe x2  
  91  8:12  Stalker x3  
  99  8:14  Protoss Ground Weapons Level 1 (Chrono Boost)  
  99  8:18  Pylon  
  99  8:24  Nexus, Pylon  
  99  8:26  Stalker  
  101  8:31  Pylon  
  101  8:32  Pylon  
  99  8:38  Stalker x3  
  105  8:43  Stalker  
  103  8:53  Immortal  
  103  8:55  Immortal  
  111  8:59  Stalker  
  113  9:04  Stalker  
  113  9:08  Gateway  
  112  9:17  Stalker x2  
  108  9:27  Stalker x5  
  93  9:43  Stalker  
  91  9:50  Stalker  
  91  9:54  Stalker x5  
  91  9:55  Probe  
  91  9:57  Probe  
  91  9:58  Probe  
Tags
 
Add a new tag
Caveats
  • Supply blocks, unpowered buildings, or Contaminate may cause inaccurate times.
  • Supply counts are checked every 10 seconds.